 Dungeon Crawl Stone Soup version 0.28.0-53-g5a82cb258f (webtiles) character file.

Game seed: 8288026030344708374

89 PentaManta the Insei (level 4, -3/31 HPs)
             Began as an Octopode Abyssal Knight on June 15, 2022.
             Was a Follower of Lugonu.
             Slain by a gnoll
             ... wielding a +0 club
              (5 damage)
             ... on level 2 of the Dungeon.
             The game lasted 00:01:18 (1863 turns).

PentaManta the Insei (Octopode Abyssal Knight)      Turns: 1863, Time: 00:01:18

Health: -3/31      AC:  1    Str: 12    XL:     4   Next: 55%
Magic:  5/5        EV: 13    Int: 14    God:    Lugonu [*.....]
Gold:   50         SH:  0    Dex: 12    Spells: 3/3 levels left

rFire   . . .      SeeInvis .     - Unarmed
rCold   . . .      Faith    .   (no shield)
rNeg    . . .      Spirit   .   (helmet restricted)
rPois   .          Reflect  .   (no amulet)
rElec   .          Harm     .   (no ring)
rCorr   .          Rampage  .   (no ring)
Will    .....                   (no ring)
Stlth   ++........              (no ring)
HPRegen 0.10/turn               (no ring)
MPRegen 0.09/turn               (no ring)
                                (no ring)
                                (no ring)

@: no status effects
A: almost no armour, amphibious, 8 rings, camouflage 1, gelatinous body 1,
(nimble swimmer 1), tentacles
a: Renounce Religion, Depart the Abyss


You were on level 2 of the Dungeon.
You worshipped Lugonu.
Lugonu was aware of your devotion.
You visited 1 branch of the dungeon, and saw 2 of its levels.
You visited the Abyss 1 time.

You collected 50 gold pieces.

Inventory:

Jewellery
 a - an amulet of faith
Scrolls
 d - a scroll of enchant weapon {unknown}
 e - a scroll of identify {unknown}
Potions
 b - a potion of flight {unknown}
 c - a potion of haste {unknown}
 f - a potion of berserk rage {unknown}


   Skills:
 - Level 3.0 Fighting
 - Level 2.3 Dodging
 + Level 4.6 Unarmed Combat
 - Level 2.0 Invocations


You had 3 spell levels left.
You didn't know any spells.
Your spell library was empty.

Dungeon Overview and Level Annotations

Branches:
Dungeon (2/15)

Altars:


Innate Abilities, Weirdness & Mutations

You cannot wear most types of armour.
You are amphibious.
You can wear up to eight rings at the same time.
Your skin changes colour to match your surroundings (Stealth+).
Your rubbery body absorbs attacks. (AC +1, EV +1)
((You are camouflaged when in or above water. (Stealth+)))
You have tentacles for arms and can constrict up to eight enemies at once.


Message History

A gnoll comes into view. It is wielding a +0 halberd.
There is an open door here. 2 gnolls come into view.
The gnoll shouts! x2
The gnoll barely misses you. The gnoll closely misses you. x2
You see here a +2 antimagic hand axe.
You tentacle-slap the gnoll. You grab the gnoll.
The gnoll is lightly wounded.
You constrict the gnoll. The gnoll closely misses you.
The gnoll hits you from afar with a +0 spear!
The gnoll hits you from afar with a +0 halberd.
You tentacle-slap the gnoll.
The gnoll is moderately wounded.
You constrict the gnoll. The gnoll barely misses you.
The gnoll completely misses you. The gnoll closely misses you.
The gnoll barely misses you.
You tentacle-slap the gnoll.
You squeeze the gnoll, but do no damage.
The gnoll is severely wounded.
You constrict the gnoll. The gnoll closely misses you.
The gnoll hits you with a +0 spear. The gnoll barely misses you.
The gnoll closely misses you.
You tentacle-slap the gnoll but do no damage.
You squeeze the gnoll.
You kill the gnoll!
Lugonu accepts your kill. The gnoll hits you with a +0 club!
* * * LOW HITPOINT WARNING * * *
The gnoll hits you from afar with a +0 halberd!
* * * LOW HITPOINT WARNING * * *
The gnoll completely misses you.
You are too injured to fight recklessly!
You are too injured to fight recklessly!
You are too injured to fight recklessly!
You are too injured to fight recklessly!
You tentacle-slap the gnoll. You grab the gnoll.
The gnoll is heavily wounded.
You constrict the gnoll. The gnoll hits you with a +0 club.
You die...

#+## ##...##
##.....##
##..g....##
.####.)g...?..#
....'..@......+
.####....g....#
##.......##
##.....##
##...## ##'##
#.# #.#
##.#########


You could see 3 gnolls.

Vanquished Creatures
  Natasha (D:2)
  A gnoll (D:2)
  2 adders (D:2)
  A worm (D:2)
  A dart slug (D:1)
  4 bats
  2 endoplasms (D:1)
  A giant cockroach (D:1)
  5 goblins (D:1)
  3 hobgoblins (D:1)
  4 quokkas
  3 ball pythons
  2 frilled lizards (D:1)
  A kobold (D:1)
  2 rats
33 creatures vanquished.

Notes
Turn   | Place    | Note
-------+----------+-------------------------------------------
     0 | Abyss:1  | PentaManta the Octopode Abyssal Knight began the quest for
                  | the Orb.
     0 | Abyss:1  | Reached XP level 1. HP: 16/16 MP: 2/2
    35 | Abyss:2  | Noticed a small abomination
    38 | D:1      | Escaped the Abyss
   294 | D:1      | Reached XP level 2. HP: 21/21 MP: 3/3
   312 | D:1      | Reached * piety under Lugonu
   372 | D:1      | Reached skill level 3 in Unarmed Combat
   807 | D:1      | Reached XP level 3. HP: 25/26 MP: 4/4
   890 | D:1      | Found a faded altar of an unknown god.
  1450 | D:2      | Reached skill level 4 in Unarmed Combat
  1573 | D:2      | Noticed Natasha
  1581 | D:2      | Killed Natasha
  1582 | D:2      | Reached XP level 4. HP: 23/31 MP: 5/5
  1863 | D:2      | Slain by a gnoll

Illustrated notes

Levels and vault maps discovered:
D:1:      heliophobic_arrival_enchanted_forest, layout_loops_ring,
          chequers_ecumenical_altar_grove
D:2:      layout_loops_corners, minmay_pentomino_u4, uniq_natasha

Skill      XL: |  1  2  3 |
---------------+----------+-----
Unarmed Combat | 3 4 |  4.6
Fighting       | |  3.0
Dodging        | |  2.3
Invocations    | |  2.0

Action                   |  1- 3 |  4- 6 || total
-------------------------+-------+-------++-------
Melee: Unarmed           |    73 |    14 ||    87
       Tentacles         |    15 |     4 ||    19
       Constrict         |    15 |     4 ||    19
       Punch             |     2 |       ||     2
Invok: Depart the Abyss  |     1 |       ||     1
 Stab: Sleeping          |     5 |       ||     5
Armor: Skin              |     4 |     1 ||     5
Dodge: Dodged            |    45 |    17 ||    62
